 Dungeon Crawl Stone Soup version 0.30-a0-605-gb2882149bf (webtiles) character file.

Game seed: 17927131107890349291

14389 bande the Cleaver (level 12, -1/75 HPs)
             Began as a Gargoyle Fighter on Jan 8, 2023.
             Was a High Priest of Okawaru.
             Slain by a ten-headed hydra (5 damage)
             ... on level 5 of the Lair of Beasts.
             The game lasted 00:23:20 (13331 turns).

bande the Cleaver (Gargoyle Fighter)               Turns: 13331, Time: 00:23:20

Health: -1/75      AC: 22    Str: 18    XL:     12   Next: 16%
Magic:  17/17      EV: 12    Int: 10    God:    Okawaru [*****.]
Gold:   608        SH: 22    Dex: 19    Spells: 11/11 levels left

rFire   . . .      SeeInvis .    h - +6 hand axe of the Gibberer {heavy, +Blink rElec Str-2 Dex+6}
rCold   + + +      Faith    .    S - +0 tower shield of Darkness {Contam +Inv rC+}
rNeg    + . .      Spirit   .    f - +2 ring mail {rC+}
rPois   ∞          Reflect  +    (no helmet)
rElec   +          Harm     .    x - +0 cloak
rCorr   .          Rampage  .    M - +0 pair of gloves of the Abyss {+Inv Slay+5}
Will    .....                    O - +1 pair of boots
Stlth   +                        G - amulet of reflection
HPRegen 0.32/turn                n - +5 ring of evasion
MPRegen 0.15/turn                t - ring of protection from cold

@: about to teleport
A: sickness immunity, AC +8, negative energy resistance 1, electricity
resistance, torment resistance 1, petrification resistance
a: Renounce Religion, Evoke Blink, Evoke Invisibility, Heroism, Finesse, Duel


You were on level 5 of the Lair of Beasts.
You worshipped Okawaru.
Okawaru was extremely pleased with you.
You visited 3 branches of the dungeon, and saw 14 of its levels.
You also visited: Sewer and Ossuary.

You collected 750 gold pieces.
You spent 142 gold pieces at shops.

Inventory:

Hand Weapons
 a - a +1 war axe of freezing
 h - the +6 hand axe of the Gibberer (weapon) {heavy, +Blink rElec Str-2 Dex+6}
   (You found it on level 4 of the Dungeon)

   Str:       It affects your strength (-2).
   Dex:       It affects your dexterity (+6).
   rElec:     It insulates you from electricity.
   +Blink:    It lets you blink.
 v - a +0 war axe
 y - a +1 flail of freezing
Missiles
 b - 3 throwing nets (quivered)
Armour
 f - a +2 ring mail of cold resistance (worn)
 x - a +0 cloak (worn)
 M - the +0 pair of gloves of the Abyss (worn) {+Inv Slay+5}
   (You found it on level 1 of the Lair of Beasts)

   Slay:      It affects your accuracy & damage with ranged weapons and melee
   (+5).
   +Inv:      It lets you turn invisible.
 O - a +1 pair of boots (worn)
 S - the +0 tower shield of Darkness (worn) {Contam +Inv rC+}
   (Okawaru gifted it to you on level 4 of the Lair of Beasts)

   rC:        It protects you from cold.
   +Inv:      It lets you turn invisible.
   Contam:    It causes magical contamination when unequipped.
Jewellery
 n - a +5 ring of evasion (left hand)
 t - a ring of protection from cold (right hand)
 w - a ring of protection from cold
 z - a ring of protection from cold
 D - a ring of protection from fire
 G - an amulet of reflection (around neck)
 R - an amulet of faith
Wands
 l - a wand of flame (38)
 s - a wand of polymorph (23)
 I - a wand of iceblast (11)
 J - a wand of mindburst (9)
 K - a wand of acid (5)
 L - a wand of paralysis (8)
Scrolls
 g - 6 scrolls of amnesia
 j - 4 scrolls of identify
 k - 6 scrolls of teleportation
 m - 2 scrolls of poison
 o - 4 scrolls of magic mapping
 r - 2 scrolls of enchant weapon
 A - 3 scrolls of fear
 B - 2 scrolls of enchant armour
 N - a scroll of fog
 P - 2 scrolls of blinking
Potions
 d - 4 potions of might
 e - 4 potions of brilliance
 i - 7 potions of curing
 p - a potion of magic
 q - a potion of mutation
 u - 3 potions of haste
 C - a potion of flight {unknown}
 E - a potion of invisibility {unknown}
 F - 2 potions of degeneration {unknown}
 H - a potion of berserk rage {unknown}
 Q - 2 potions of heal wounds


   Skills:
 + Level 8.4 Fighting
 + Level 10.7 Axes
 + Level 7.6 Armour
 + Level 8.4 Shields
 * Level 7.9 Invocations
 * Level 6.9 Evocations


You had 11 spell levels left.
You didn't know any spells.
Your spell library contained the following spells:

 Spells                   Type           Power      Damage    Failure   Level
 Beastly Appendage        Tmut           0%         N/A       99%         1
 Ensorcelled Hibernation  Hex/Ice        0%         N/A       100%        2
 Wereblood                Tmut           0%         N/A       100%        2
 Portal Projectile        Hex/Tloc       0%         N/A       100%        3
 Spider Form              Tmut/Pois      0%         N/A       100%        3
 Stone Arrow              Conj/Erth      0%         3d7       100%        3
 Anguish                  Hex/Necr       0%         N/A       100%        4
 Leda's Liquefaction      Hex/Erth       0%         N/A       100%        4
 Blade Hands              Tmut           0%         N/A       100%        5
 Lehudib's Crystal Spear  Conj/Erth      0%         10d2      100%        8
 Call Canine Familiar     Summ           Unusable   N/A       N/A         3
 Tukima's Dance           Hex            Unusable   N/A       N/A         3
 Animate Armour           Summ/Erth      Unusable   N/A       N/A         4

Dungeon Overview and Level Annotations

Branches:
Dungeon (8/15)             Temple (1/1) D:4            Lair (5/5) D:8
  Swamp (0/4) Lair:3        Snake (0/4) Lair:2        Sewer (visited)
Ossuary (visited)
  Slime: Lair:4-5

Altars:
Ashenzari
Cheibriados
Dithmenos
Elyvilon
Fedhas
Gozag
Hepliaklqana
Makhleb
Okawaru
Trog
Wu Jian
Xom
Yredelemnul
The Shining One

Shops:
D:2 *   D:5 ?   D:8 [

Annotations:
Lair:3 1 runed translucent door, bmack86's ghost, journeyman MiFi


Innate Abilities, Weirdness & Mutations

You are immune to sickness and miasma.
Your stone body is resilient. (AC +8)
You are immune to poison.
You resist negative energy. (rN+)
You are resistant to electric shocks. (rElec)
You are resistant to unholy torment.
You are immune to petrification.


Message History

The ten-headed hydra barely misses you. The ten-headed hydra bites you. x2
You block the ten-headed hydra's attack.
The ten-headed hydra barely misses you.
You block the ten-headed hydra's attack.
The ten-headed hydra bites you.
A jelly comes into view.
The cane toad barely misses you. You block the wolf's attack.
The wolf bites you but does no damage. x2
The black mamba bites you but does no damage.
The water moccasin closely misses you. The cane toad misses you.
The ten-headed hydra bites you but does no damage. x2
The ten-headed hydra barely misses you. x2; The ten-headed hydra bites you!
* * * LOW HITPOINT WARNING * * *
The ten-headed hydra bites you!
* * * LOW HITPOINT WARNING * * *
The ten-headed hydra bites you but does no damage.
You block the ten-headed hydra's attack.
The ten-headed hydra bites you but does no damage. x2
An endoplasm comes into view.
The wolf completely misses you. The wolf closely misses you.
The wolf barely misses you.
Unknown command.
As you read the scroll of teleportation, it crumbles to dust.
You feel strangely unstable. The ice encasing you melts away.
The endoplasm quivers.
You block the black mamba's attack. You block the water moccasin's attack.
The wolf closely misses you. You block the wolf's attack.
The wolf bites you but does no damage.
The black mamba bites you but does no damage.
You block the cane toad's attack. The ten-headed hydra barely misses you.
The ten-headed hydra bites you!
* * * LOW HITPOINT WARNING * * *
The ten-headed hydra barely misses you.
The ten-headed hydra bites you but does no damage.
The ten-headed hydra barely misses you.
The ten-headed hydra bites you but does no damage. x2
You block the ten-headed hydra's attack.
The ten-headed hydra bites you.
You die...

##.............
...P.#..........
<...............
................
. ..............
...#.#..........
.......FS.......
..P...kD@h......
.§.....hhS......
......P.h.###...
≈≈≈≈S......# .
≈§≈≈S.....P..
≈##≈≈......J..
≈≈#≈.##.......
≈≈≈≈. #......J


You could see a ten-headed hydra, a black mamba, a cane toad, a rime drake, a
water moccasin, 4 wolves, a jelly (wandering), 2 lava snakes and an endoplasm.

Vanquished Creatures
  A boulder beetle (Lair:4)
  A bog body (Lair:3)
  5 elephants
  A black mamba (Lair:1)
  A cane toad (Lair:2)
  3 rime drakes
  4 komodo dragons
  A troll (D:8)
  A polar bear (Lair:1)
  2 wyverns
  14 yaks
  A basilisk (Lair:4)
  Menkaure (D:5)
  3 nagas (Lair:2)
  3 water moccasins
  An orc warrior (D:6)
  2 sky beasts
  4 black bears
  3 ogres
  An ice beast (D:6)
  11 wolves
  A centaur (D:7)
  2 kobold brigands
  2 elf zombies (Ossuary)
  9 bullfrogs
  3 scorpions
  A necrophage (D:6)
  13 wights
  6 killer bees (D:8)
  2 howler monkeys (D:8)
  3 electric eels
  A jelly (D:8)
  2 centaur zombies (Ossuary)
  2 human zombies (Ossuary)
  5 hounds
  3 orc priests
  2 gnoll boudas (D:5)
  Jessica (D:3)
  4 orc wizards
  8 iguanas
  Ijyb (D:3)
  Natasha (thrice) (D:3)
  A hound zombie (Ossuary)
  3 mummies (Ossuary)
  13 gnolls
  12 adders
  4 river rats (Sewer)
  2 white imps
  2 ufetubi (D:5)
  2 adder zombies (Ossuary)
  2 worms
  4 dart slugs
  41 orcs
  11 ball pythons
  7 endoplasms
  6 giant cockroaches
  10 goblins
  4 hobgoblins
  5 jackals (D:4)
  8 quokkas
  10 bats
  10 frilled lizards
  A gnoll zombie (Ossuary)
  4 goblin zombies (Ossuary)
  3 hobgoblin zombies (Ossuary)
  2 jackal zombies (Ossuary)
  18 kobolds
  6 kobold zombies (Ossuary)
  3 orc zombies (Ossuary)
  4 quokka zombies (Ossuary)
  17 rats
  5 rat zombies (Ossuary)
358 creatures vanquished.

Vanquished Creatures (collateral kills)
  An adder (D:3)
  A ball python (D:3)
2 creatures vanquished.

Vanquished Creatures (others)
  An ogre (D:5)
  A scorpion (D:5)
  A worm (D:5)
  A dart slug (D:5)
  11 fungi
  10 plants
25 creatures vanquished.

Grand Total: 385 creatures vanquished

Notes
Turn   | Place    | Note
-------+----------+-------------------------------------------
     0 | D:1      | bande the Gargoyle Fighter began the quest for the Orb.
     0 | D:1      | Reached XP level 1. HP: 14/14 MP: 1/1
   199 | D:1      | Reached XP level 2. HP: 19/19 MP: 2/2
   596 | D:1      | Reached skill level 2 in Axes
   694 | D:1      | Reached XP level 3. HP: 24/24 MP: 3/3
  1058 | D:2      | Found Fuer's Assorted Antiques.
  1319 | D:2      | Reached XP level 4. HP: 15/29 MP: 4/4
  2080 | D:3      | Reached skill level 3 in Axes
  2149 | D:3      | Noticed Jessica
  2150 | D:3      | Noticed Ijyb
  2154 | D:3      | Killed Jessica
  2155 | D:3      | Reached XP level 5. HP: 33/33 MP: 5/5
  2168 | D:3      | Killed Ijyb
  2351 | D:3      | Found a faded altar of an unknown god.
  2429 | D:3      | Found a burning altar of Makhleb.
  2472 | D:3      | Noticed Natasha
  2488 | D:3      | Reached XP level 6. HP: 16/38 MP: 6/6
  2498 | D:3      | Killed Natasha
  2499 | D:3      | Reached skill level 4 in Axes
  3059 | D:3      | Reached skill level 1 in Evocations
  3500 | D:3      | Noticed Natasha
  3506 | D:3      | Killed Natasha
  3607 | D:3      | Noticed Natasha
  3615 | D:3      | Killed Natasha
  3645 | D:4      | Found a staircase to the Ecumenical Temple.
  3675 | Temple   | Entered the Ecumenical Temple
  3746 | Temple   | Became a worshipper of Warmaster Okawaru
  3915 | D:4      | Found an opulent altar of Gozag.
  4030 | D:4      | Identified the +6 hand axe of the Gibberer {heavy, +Blink
                  | rElec Str-2 Dex+6}
  4193 | D:4      | Found a hazy altar of Hepliaklqana.
  4285 | D:4      | Reached XP level 7. HP: 44/44 MP: 7/7
  4320 | D:4      | Reached skill level 1 in Invocations
  4324 | D:4      | Found a shadowy altar of Dithmenos.
  4325 | D:4      | Found a blossoming altar of Fedhas.
  4378 | D:5      | Entered Level 5 of the Dungeon
  4383 | D:5      | Found a glowing drain.
  4399 | Sewer    | Entered a sewer
  4471 | Sewer    | Reached skill level 5 in Axes
  4772 | D:5      | Reached * piety under Okawaru
  4807 | D:5      | Reached XP level 8. HP: 47/48 MP: 9/9
  4823 | D:5      | Reached skill level 5 in Fighting
  4823 | D:5      | Reached skill level 5 in Armour
  4894 | D:5      | Reached skill level 6 in Axes
  4894 | D:5      | Found Edwokoux's Magic Scroll Shoppe.
  5182 | D:5      | Bought a scroll of brand weapon for 142 gold pieces
  5195 | D:5      | Noticed Menkaure
  5198 | D:5      | Reached ** piety under Okawaru
  5204 | D:5      | Killed Menkaure
  5242 | D:5      | Found a shimmering altar of Xom.
  5356 | D:5      | Found a basalt altar of Yredelemnul.
  5417 | D:5      | Found a glowing golden altar of the Shining One.
  5419 | D:5      | Noticed an angel
  5998 | D:6      | Reached XP level 9. HP: 42/54 MP: 11/11
  6078 | D:6      | Reached *** piety under Okawaru
  6079 | D:6      | Reached skill level 7 in Axes
  6088 | D:6      | Reached skill level 5 in Shields
  6755 | D:6      | Found a snail-covered altar of Cheibriados.
  7042 | D:7      | Found a sand-covered staircase.
  7054 | Ossuary  | Entered an ossuary
  7072 | Ossuary  | Reached **** piety under Okawaru
  7165 | Ossuary  | Reached skill level 8 in Axes
  7281 | Ossuary  | Reached XP level 10. HP: 61/61 MP: 13/13
  7438 | D:7      | Reached skill level 5 in Invocations
  7935 | D:8      | Reached skill level 5 in Evocations
  8079 | D:8      | Found a staircase to the Lair.
  8367 | D:8      | Found Idimaqae's Armour Shoppe.
  9497 | Lair:1   | Entered Level 1 of the Lair of Beasts
  9611 | Lair:1   | Reached skill level 9 in Axes
  9611 | Lair:1   | Reached ***** piety under Okawaru
  9681 | Lair:1   | Identified the +0 pair of gloves of the Abyss {+Inv Slay+5}
  9801 | Lair:1   | Noticed a black mamba
  9805 | Lair:1   | Killed a black mamba
  9805 | Lair:1   | Identified the +1 scale mail "Rotor" {rC+} (Okawaru gifted
                  | it to you on level 1 of the Lair of Beasts)
  9805 | Lair:1   | Received a gift from Okawaru
 10319 | Lair:2   | Noticed a cane toad
 10331 | Lair:2   | Killed a cane toad
 10332 | Lair:2   | Reached XP level 11. HP: 20/67 MP: 12/15
 10547 | Lair:2   | Found a white marble altar of Elyvilon.
 10670 | Lair:2   | Found a staircase to the Snake Pit.
 11744 | Lair:3   | Identified the +5 shortbow "Loqothrej" {heavy, rElec Dex+2}
 11800 | Lair:3   | Found a staircase to the Swamp.
 11801 | Lair:3   | Noticed a bog body
 11809 | Lair:3   | Killed a bog body
 12017 | Lair:3   | Found a runed translucent door.
 12017 | Lair:3   | Found a shimmering altar of Xom.
 12017 | Lair:3   | Noticed bmack86's ghost (journeyman MiFi)
 12020 | Lair:3   | Noticed a +4 dire flail of chaos
 12098 | Lair:3   | Reached skill level 10 in Axes
 12497 | Lair:4   | Identified the +0 ring mail of Sin {rElec rPois rC- Dex+6}
 12596 | Lair:4   | Noticed a boulder beetle
 12624 | Lair:4   | Killed a boulder beetle
 12663 | Lair:4   | Reached XP level 12. HP: 57/74 MP: 17/17
 12669 | Lair:4   | Identified the +0 tower shield of Darkness {Contam +Inv
                  | rC+} (Okawaru gifted it to you on level 4 of the Lair of
                  | Beasts)
 12669 | Lair:4   | Received a gift from Okawaru
 13324 | Lair:5   | Entered Level 5 of the Lair of Beasts
 13324 | Lair:5   | Noticed an eight-headed hydra
 13331 | Lair:5   | Slain by a ten-headed hydra

Illustrated notes

Levels and vault maps discovered:
D:1:      dpeg_arrival_boxes_within_box, layout_loops_ring
D:2:      layout_loops_ring, serial_shops, nicolae_square_shop
D:3:      layout_basic, general_overflow_altar, basic_ecumenical_altar,
          uniq_ijyb, uniq_natasha, uniq_jessica
D:4:      layout_gridville, amcnicky_altar_gilded,
          worldfamousw_hep_ancestral_shrine, mainiacjoe_overflow_divided_tiny,
          minmay_temple_entry_overgrown
D:5:      layout_basic, grunt_temple_overflow_holy_war, xom_confusion_cloud,
          portal_sewer_entry_f, serial_shops, shop_statue, uniq_menkaure
D:6:      layout_loops_ring, chei_slow_surprise
D:7:      layout_basic, lightli_ossuary_entry_decrepit_ruins
D:8:      layout_layer_cave, dpeg_oklobed_lair, serial_shops,
          nicolae_shop_hallway_plus, dk_noncrumbling_2
Temple:   dpeg_chambers_temple
Lair:1:   layout_chaotic_city
Lair:2:   layout_regular_city, guppyfry_snake_entry_island, basic_altar,
          serial_bayou_shore_a, grunt_megastairs_5, infiniplex_staircase_pool_2
Lair:3:   layout_cellular_growth, skrybe_swamp_entry_bodies, ebering_ghost_xom,
          fungi_pond_lemuel
Lair:4:   layout_gridlike
Lair:5:   evilmike_catoblepas_cave, layout_gridlike,
          nicolae_slime_entry_slimehenge, uniq_urug, uniq_kirke

Skill      XL: |  1  2  3  4  5  6  7  8  9 10 11 |
---------------+----------------------------------+-----
Axes           | 2 3 4 5 6 8 9 10 | 10.7
Armour         | 4 5 6 7 |  7.6
Fighting       | 4 5 6 7 8 |  8.4
Evocations     | 1 2 3 4 5 6 |  6.9
Shields        | 4 5 6 8 |  8.4
Invocations    | 1 3 4 6 7 |  7.9

Action                   |  1- 3 |  4- 6 |  7- 9 | 10-12 || total
-------------------------+-------+-------+-------+-------++-------
Melee: War axe           |   101 |   160 |       |       ||   261
       Hand axe          |       |    19 |   326 |   293 ||   638
Invok: Heroism           |       |       |       |     1 ||     1
  Use: Scroll            |       |    16 |     6 |     3 ||    25
       Potion            |       |       |     1 |     1 ||     2
 Stab: Distracted        |       |     1 |       |       ||     1
Armor: Scale mail        |    58 |    88 |       |       ||   146
       Skin              |       |    20 |       |       ||    20
       Ring mail         |       |    20 |   151 |   164 ||   335
Dodge: Dodged            |    44 |   107 |   322 |   259 ||   732
Block: Buckler           |    22 |    47 |   104 |   196 ||   369
       Reflection        |       |       |       |     1 ||     1
       Tower shield      |       |       |       |    45 ||    45

Table legend: (Time is in decaauts)
 A = Elapsed time spent in this place.
 B = Non-inter-level travel time spent in this place.
 C = Inter-level travel time spent in this place.
 D = Time resting spent in this place.
 E = Time spent auto-exploring this place.
 F = Levels seen in this place.
 G = Mean time per level.
                   A        B        C        D        E       F      G
               +--------+--------+--------+--------+--------+-----+--------+
         Total |  13763 |  13442 |    321 |   1882 |   8516 |  16 |  860.2 |
       Dungeon |   8991 |   8752 |    239 |   1310 |   5373 |   8 | 1123.9 |
        Temple |    119 |     72 |     47 |      0 |     64 |   1 |  119.0 |
          Lair |   3916 |   3881 |     35 |    572 |   2678 |   5 |  783.2 |
         Sewer |    422 |    422 |      0 |      0 |    254 |   1 |  422.0 |
       Ossuary |    312 |    312 |      0 |      0 |    146 |   1 |  312.0 |
               +--------+--------+--------+--------+--------+-----+--------+

Top non-repeatable levels by time:
     D:8: 1614 daAuts
     D:3: 1610 daAuts
     D:5: 1266 daAuts
  Lair:2: 1193 daAuts
     D:2: 1092 daAuts
     D:1: 1040 daAuts
  Lair:3: 983 daAuts
     D:6: 916 daAuts
  Lair:4: 905 daAuts
  Lair:1: 825 daAuts
     D:7: 810 daAuts
     D:4: 640 daAuts
   Sewer: 422 daAuts
 Ossuary: 312 daAuts
  Temple: 119 daAuts
